 Dungeon Crawl Stone Soup version 0.21-a0-442-g848f44b (webtiles) character file.

58 Goblin1989 the Ducker (level 3, -2/17 HPs)
             Began as a Felid Monk on Nov 14, 2017.
             Was a Believer of Wu Jian.
             Slain by an orc (4 damage)
             ... on level 4 of the Dungeon.
             The game lasted 00:07:56 (3722 turns).

Goblin1989 the Ducker (Felid Monk)                  Turns: 3722, Time: 00:07:57

Health: -2/17      AC:  1    Str:  7    XL:     3   Next: 75%
Magic:  4/4        EV: 21    Int: 11    God:    Wu Jian [**....]
Gold:   78         SH:  0    Dex: 19    Spells: 2/2 levels left
                                        Lives:  0   Deaths: 1

rFire    . . .     SeeInvis +     - Unarmed
rCold    . . .     Gourm    .   (shield unavailable)
rNeg     . . .     Faith    .   (armour unavailable)
rPois    .         Spirit   .   (helmet unavailable)
rElec    .         Reflect  .   (cloak unavailable)
rCorr    .         Harm     .   (gloves unavailable)
MR       .....                  (boots unavailable)
Stlth    +++.......             (no amulet)
HPRegen  0.05/turn              (no ring)
MPRegen  0.09/turn              (no ring)

@: quick
A: no armour, no weapons or thrown items, stealth, claws 1, fangs 3, see
invisible, carnivore 3, speed 1, shaggy fur 1, slow metabolism 1, sharp paws
a: Renounce Religion


You were on level 4 of the Dungeon.
You worshipped Wu Jian.
Wu Jian was pleased with you.
You were not hungry.

You visited 1 branch of the dungeon, and saw 4 of its levels.

You collected 78 gold pieces.

Inventory:

Scrolls
 g - 2 scrolls of teleportation {unknown}
 h - a scroll of recharging {unknown}
 i - 3 scrolls of identify {unknown}
 l - 2 scrolls of remove curse {unknown}
 n - a scroll of amnesia {unknown}
 r - a scroll of blinking {unknown}
Potions
 e - a potion of might {unknown}
 f - a potion of haste {unknown}
 j - a potion of invisibility {unknown}
 p - a potion of degeneration {unknown}
 q - 2 potions of mutation {unknown}
Comestibles
 a - 2 meat rations {@e2}
 d - a royal jelly


   Skills:
 + Level 3.6 Fighting
 + Level 4.8 Dodging
 + Level 4.0 Stealth
 * Level 4.1 Unarmed Combat


You had 2 spell levels left.
You didn't know any spells.

Dungeon Overview and Level Annotations

Branches:
Dungeon (4/15)
 Temple: D:4-7

Altars:
Okawaru
Ru
Wu Jian

Annotations:
D:2 1 runed door
D:3 exclusions: orc and orc priest


Innate Abilities, Weirdness & Mutations

You cannot wear armour.
You are incapable of wielding weapons or throwing items.
Your paws allow you to move quietly. (Stealth)
You have sharp claws.
You have razor-sharp teeth.
You have supernaturally acute eyesight. (SInv)
You are carnivorous and can eat meat at any time.
You cover ground quickly.
You are covered in fur. (AC +1)
You have a slow metabolism.
Your sharp claws are effective at attacking unaware monsters.


Message History

The orc priest calls down the wrath of Beogh upon you.
Beogh smites you!
Ouch! That really hurt!
You die...
You are now level 3!
You rejoin the land of the living...
Health restored: 17 You now have 4/4 mp.
Found a stone staircase leading up.
You enter a teleport trap!
The teleport trap disappears.
Your surroundings suddenly seem different.
Unknown command.
You open the door.
There is an open door here.
An orc wizard comes into view. It is wielding a dagger.
The orc wizard moves out of view.
The orc wizard is too close now for your liking.
An orc comes into view.
The orc shouts!
The orc wizard shouts!
The orc wizard casts a spell at you. The magic dart hits you!
You take 4 damage, and have 13/17 hp.
MASSIVE DAMAGE!!
You scratch the orc wizard.
The orc wizard is moderately wounded.
The orc wizard closely misses you.
You closely miss the orc wizard.
The orc wizard is moderately wounded.
The orc wizard points at you and mumbles some strange words.
You are confused.
The orc closely misses you.
You are too confused!
You are too confused!
You are too confused!
You are too confused!
You are too confused!
You are too confused!
You are too confused!
You are too confused!
You are too confused!
You are too confused!
You are too confused!
You are too confused!
You are too confused!
You are too confused!
You are too confused!
You are too confused!
You are too confused!
You are too confused!
You are too confused!
You are too confused!
You are too confused!
You are too confused!
You are too confused!
You are too confused!
Unknown command.
The orc wizard completely misses you.
You're too confused to move!
The orc barely misses you. The orc wizard barely misses you.
Unknown command.
Unknown command.
You barely miss the orc wizard.
The orc wizard is moderately wounded.
The orc barely misses you. The orc wizard casts a spell at you.
You resist with some effort.
You bump into the rock wall.
The orc hits you. The orc wizard hits you with a dagger.
You take 5 damage, and have 9/17 hp.
MASSIVE DAMAGE!!
You barely miss the orc wizard.
The orc wizard is moderately wounded.
The orc misses you.
You barely miss the orc wizard.
The orc wizard is moderately wounded.
You feel less confused. The orc wizard misses you. The orc hits you.
You take 1 damage, and have 8/17 hp.
You barely miss the orc wizard.
The orc wizard is moderately wounded.
The orc wizard hits you with a dagger.
* * * LOW HITPOINT WARNING * * *
The orc closely misses you.
You take 4 damage, and have 4/17 hp.
MASSIVE DAMAGE!!
You scratch the orc wizard.
The orc wizard is severely wounded.
The orc wizard gestures at you while chanting.
You resist with some effort. The orc misses you.
Unknown command.
You scratch the orc wizard but do no damage.
The orc wizard is severely wounded.
The orc wizard hits you with a dagger.
* * * LOW HITPOINT WARNING * * *
The orc barely misses you.
You take 2 damage, and have 2/17 hp.
You miss the orc wizard.
You bite the orc wizard, but do no damage.
The orc wizard is severely wounded.
The orc wizard gestures at you while chanting.
You resist with some effort. The orc hits you.
You die...

█.....∆........
█....██...██...
█....██...██
█..........█ .
█..........█ ..
█....██....█ ...
█....██....█ ...
█....██...██ ..█
█....██..@██...█
█........oo....█
█..............█
.............█
.............█
.............█
...██...██...█
... █...█


████ .. ....█ You could see an orc wizard and an orc.

Vanquished Creatures
  An orc wizard (D:3)
  3 adders (D:2)
  2 dart slugs
  2 leopard geckos (D:1)
  2 orcs (D:3)
  2 ball pythons
  6 giant cockroaches
  5 goblins
  8 hobgoblins
  4 kobolds
  2 quokkas (D:3)
  8 bats
  3 frilled lizards
  6 rats
54 creatures vanquished.

Notes
Turn   | Place    | Note
-------+----------+-------------------------------------------
     0 | D:1      | Goblin1989 the Felid Monk began the quest for the Orb.
     0 | D:1      | Reached XP level 1. HP: 10/10 MP: 2/2
   306 | D:1      | Reached XP level 2. HP: 14/14 MP: 3/3
   849 | D:1      | Reached XP level 3. HP: 17/17 MP: 4/4
  2176 | D:2      | Found a runed door.
  2286 | D:2      | Reached XP level 4. HP: 16/21 MP: 5/5
  2855 | D:3      | Found an ornate altar of the Wu Jian Council.
  2860 | D:3      | Became a worshipper of the Wu Jian Council
  2860 | D:3      | Reached * piety under Wu Jian
  2860 | D:3      | Reached ** piety under Wu Jian
  3325 | D:3      | Found a sacrificial altar of Ru.
  3617 | D:4      | Found an iron altar of Okawaru.
  3691 | D:4      | Killed from afar by an orc priest
  3692 | D:4      | Reached XP level 3. HP: -9/17 MP: 4/4
  3722 | D:4      | Slain by an orc

Vault maps used:
D:1:      lightli_arrival_farm
D:2:      uniq_crazy_yiuf_cottage
D:3:      nicolae_ru_great_annihilating_truth, lemuel_doored_altar, first_bread,
          kennysheep_boxes
D:4:      okawaru_trees_1, kennysheep_generic_room_5

Skill      XL: |  1  2  3  4 |
---------------+-------------+-----
Stealth        | 3 4 |  4.0
Unarmed Combat | 4 |  4.1
Fighting       | |  3.6
Dodging        | |  4.8

Action                   |  1- 3 |  4- 6 || total
-------------------------+-------+-------++-------
Melee: Unarmed           |   152 |    50 ||   202
       Bite              |    11 |     6 ||    17
       Punch             |     1 |       ||     1
  Use: Potion            |     1 |       ||     1
 Stab: Sleeping          |     9 |     5 ||    14
  Eat: Chunk             |    10 |     2 ||    12
Armor: Skin              |     7 |       ||     7
Dodge: Dodged            |   121 |    32 ||   153

Table legend:
 A = Spawn XP
 B = Non-spawn XP
 C = Spawn XP percentage of total XP
 D = Spawn monster count
 E = Non-spawn monster count
 F = Spawn count percentage of total count
 G = Total turns spent on level
                    A         B        C        D         E        F      G
               +---------+---------+-------+---------+---------+-------+---------
         Total |       0 |     172 |   0.0 |       0 |      54 |   0.0 |  3722
               +---------+---------+-------+---------+---------+-------+---------
           D:1 |       0 |      49 |   0.0 |       0 |      27 |   0.0 |  1459
           D:2 |       0 |      60 |   0.0 |       0 |      16 |   0.0 |  1118
           D:3 |       0 |      63 |   0.0 |       0 |      11 |   0.0 |  1089
               +---------+---------+-------+---------+---------+-------+---------

Vault maps used:
D:1:      lightli_arrival_farm
D:2:      uniq_crazy_yiuf_cottage
D:3:      nicolae_ru_great_annihilating_truth, lemuel_doored_altar, first_bread,
          kennysheep_boxes
D:4:      okawaru_trees_1, kennysheep_generic_room_5
